 Dungeon Crawl Stone Soup version 0.28-a0-1038-g9c4cb8273d (webtiles) character file.

Game seed: 5575266733722826738

19984 Htamos the Grappler (level 12, -12/127 HPs)
             Began as a Troll Monk on Dec 8, 2021.
             Was a High Priest of Okawaru.
             Killed by divine providence
             ... invoked by a meliai
              (13 damage)
             ... on level 13 of the Dungeon.
             The game lasted 00:26:00 (12469 turns).

Htamos the Grappler (Troll Monk)                   Turns: 12469, Time: 00:26:00

Health: -12/127    AC:  8    Str: 22    XL:     12   Next: 41%
Magic:  11/11      EV: 10    Int:  6    God:    Okawaru [*****.]
Gold:   731        SH: 17    Dex: 16    Spells: 11/11 levels left

rFire   + + .      SeeInvis .     - Unarmed
rCold   . . .      Faith    .   g - +5 tower shield of Conscience {rF+}
rNeg    . . .      Spirit   .   G - +1 troll leather armour
rPois   +          Reflect  .   l - +0 hat
rElec   .          Harm     .   r - +0 cloak
rCorr   .          Rampage  .   (gloves unavailable)
Will    .....      Rage     1%  (boots unavailable)
Stlth   ++........              (no amulet)
HPRegen 1.91/turn               D - ring of poison resistance
MPRegen 0.12/turn               (no ring)

@: no status effects
A: large, unfitting armour, claws 3, regeneration 1, shaggy fur 1, tough skin 1,
berserk 1, fire resistance 1
a: Renounce Religion, Heroism, Finesse, Duel


You were on level 13 of the Dungeon.
You worshipped Okawaru.
Okawaru was extremely pleased with you.
You visited 4 branches of the dungeon, and saw 17 of its levels.
You also visited: Ice Cave.

You collected 1108 gold pieces.
You spent 377 gold pieces at shops.

Inventory:

Hand Weapons
 f - a +2 flail of holy wrath
 j - a +7 scimitar of flaming
 x - a +1 short sword of venom
Missiles
 y - 2 throwing nets (quivered)
Armour
 a - a +0 robe
 g - the +5 tower shield of Conscience (worn) {rF+}
   (Okawaru gifted it to you on level 12 of the Dungeon)

   rF:        It protects you from fire.
 l - a +0 hat (worn)
 r - a +0 cloak (worn)
 G - a +1 troll leather armour (worn)
Jewellery
 u - a +6 ring of dexterity
 D - a ring of poison resistance (left claw)
 F - a ring of wizardry
Wands
 s - a wand of paralysis (18)
 t - a wand of digging (8)
 A - a wand of acid (6)
Scrolls
 c - 4 scrolls of noise
 d - 3 scrolls of vulnerability
 h - a scroll of fog
 i - 4 scrolls of immolation
 n - 5 scrolls of teleportation
 p - a scroll of holy word
 q - a scroll of magic mapping
 v - a scroll of summoning
 w - a scroll of blinking
 B - a scroll of brand weapon
 H - a scroll of torment
Potions
 b - a potion of cancellation
 e - 6 potions of curing {@qc}
 m - a potion of ambrosia
 o - a potion of attraction
 z - a potion of lignification
Miscellaneous
 C - a phantom mirror
 E - a phial of floods


   Skills:
 + Level 10.4 Fighting
 + Level 10.0 Dodging
 - Level 1.0 Stealth
 + Level 1.7 Shields
 + Level 12.9 Unarmed Combat


You had 11 spell levels left.
You didn't know any spells.
Your spell library contained the following spells:

 Spells                   Type           Power      Damage    Failure   Level
 Slow                     Hex            0%         N/A       100%        1
 Confusing Touch          Hex            0%         N/A       100%        3
 Portal Projectile        Hex/Tloc       0%         N/A       100%        3
 Vampiric Draining        Necr           0%         2d6       100%        3
 Hailstorm                Conj/Ice       0%         3d3       100%        4
 Ice Form                 Ice/Tmut       0%         N/A       100%        4
 Leda's Liquefaction      Hex/Erth       0%         N/A       100%        4
 Blade Hands              Tmut           0%         N/A       100%        5
 Excruciating Wounds      Necr           0%         N/A       100%        5
 Irradiate                Conj/Tmut      0%         3d14      100%        5
 Dragon Form              Tmut           0%         N/A       100%        7
 Call Canine Familiar     Summ           Unusable   N/A       N/A         3
 Simulacrum               Ice/Necr       Unusable   N/A       N/A         6

Dungeon Overview and Level Annotations

Branches:
Dungeon (13/15)            Temple (1/1) D:5            Lair (1/6) D:10
    Orc (2/2) D:10          IceCv (visited)
    Elf: Orc:2       Vaults: D:13-14

Altars:
Ashenzari
Cheibriados
Dithmenos
Elyvilon
Fedhas
Gozag
Hepliaklqana
Kikubaaqudgha
Makhleb
Nemelex Xobeh
Okawaru
Qazlal
Ru
Sif Muna
Trog
Uskayaw
Vehumet
Wu Jian
Xom
Yredelemnul
Zin
The Shining One

Shops:
D:4 ::?*=

Annotations:
Orc:2 1 exclusion, Saint Roka


Innate Abilities, Weirdness & Mutations

You are too large for most types of armour.
You have claws for hands.
Your natural rate of healing is unusually fast.
You are covered in fur. (AC +1)
You have tough skin. (AC +1)
You tend to lose your temper in combat.
Your flesh is heat resistant. (rF+)


Message History

The meliai calls down the wrath of its god upon you.
Something smites you!
The meliai invokes the aid of its god against you.
Something smites you!
You mangle the troll!!
The troll is heavily wounded.
The meliai mumbles some strange prayers to its god against you.
Something smites you! The troll bites you but does no damage.
You block the troll's attack. x2
The meliai calls down the wrath of its god upon you.
Something smites you!
You completely miss the troll.
The troll is heavily wounded.
You block the troll's attack. x2; The troll claws you but does no damage.
The meliai invokes the aid of its god against you.
Something smites you!
The meliai invokes the aid of its god against you.
Something smites you!
* * * LOW HITPOINT WARNING * * *
The troll bites you!
* * * LOW HITPOINT WARNING * * *
The troll claws you!
* * * LOW HITPOINT WARNING * * *
The troll claws you but does no damage.
The meliai mumbles some strange prayers to its god against you.
Something smites you!
* * * LOW HITPOINT WARNING * * *
The meliai invokes the aid of its god against you.
Something smites you!
* * * LOW HITPOINT WARNING * * *
Unknown command.
The meliai invokes the aid of its god against you.
Something smites you!
* * * LOW HITPOINT WARNING * * *
The meliai invokes the aid of its god against you.
Something smites you!
* * * LOW HITPOINT WARNING * * *
The meliai mumbles some strange prayers to its god against you.
Something smites you!
You die...

#..## # #...
###.#.###.######
..........yy..y#
#####.##.##.####.#
#...# #. #.# #y#
#.#<# ## #.# #y#
#.### ..# #T#
....# ..# #@#
##### #... #.#
#... #.# #.# #.#
#.# #.# #.# ## #.#


You could see a troll and 3 meliai.

Vanquished Creatures
  Erica (D:9)
  A two-headed ogre (D:12)
  An orc high priest (Orc:2)
  2 orc knights
  A cyclops (D:12)
  Joseph (D:9)
  A gargoyle (D:12)
  2 kobold demonologists (D:11)
  2 unseen horrors (D:11)
  Maggie (D:9)
  2 ice devils (D:12)
  8 trolls
  Grinder (D:4)
  5 slime creatures (D:12)
  2 vampires (D:12)
  4 shadows
  2 wraiths
  10 yaks
  3 vampire mosquitoes (D:12)
  A steam dragon (D:8)
  A two-headed ogre zombie (D:10)
  Edmund (D:4)
  3 wargs (Orc:1)
  3 water moccasins
  2 acid dragons
  An ice beast (D:6)
  21 orc warriors
  A sky beast (D:5)
  12 ogres
  6 centaurs
  4 kobold brigands
  A bullfrog (D:8)
  2 gnoll sergeants
  3 scorpions
  A two-headed ogre simulacrum (IceCv)
  2 troll zombies (D:10)
  5 killer bees (D:10)
  7 howler monkeys
  3 centaur zombies
  4 hounds
  19 orc priests
  Crazy Yiuf (D:6)
  A centaur skeleton (D:4)
  3 iguanas
  19 orc wizards
  5 ogre zombies (D:10)
  A hound zombie (D:5)
  2 howler monkey zombies (D:9)
  A howler monkey skeleton (D:4)
  5 adders
  17 gnolls
  A naga simulacrum (IceCv)
  A white imp (D:5)
  2 adder skeletons (D:4)
  2 worms
  3 dart slugs (D:3)
  66 orcs
  A bat (D:1)
  2 endoplasms
  2 giant cockroaches
  6 hobgoblins
  3 jackals (D:4)
  3 quokkas
  10 ball pythons
  2 frilled lizards
  5 goblins
  A goblin skeleton (D:10)
  2 goblin zombies (D:10)
  2 hobgoblin skeletons (D:10)
  A hobgoblin zombie (D:10)
  18 kobolds
  5 orc skeletons (D:10)
  13 orc zombies (D:10)
  6 rats
365 creatures vanquished.

Vanquished Creatures (others)
  An orc wizard (D:8)
1 creature vanquished.

Grand Total: 366 creatures vanquished

Notes
Turn   | Place    | Note
-------+----------+-------------------------------------------
     0 | D:1      | Htamos the Troll Monk began the quest for the Orb.
     0 | D:1      | Reached XP level 1. HP: 22/22 MP: 0/0
   229 | D:1      | Found a faded altar of an unknown god.
   551 | D:2      | Reached XP level 2. HP: 29/29 MP: 1/1
   675 | D:2      | Reached XP level 3. HP: 36/36 MP: 2/2
   714 | D:2      | Found a broken altar of Ashenzari.
   755 | D:2      | Reached skill level 4 in Unarmed Combat
  1103 | D:3      | Reached XP level 4. HP: 43/45 MP: 3/3
  1275 | D:3      | Noticed a centaur
  1303 | D:3      | Killed a centaur
  1304 | D:3      | Reached skill level 5 in Unarmed Combat
  1304 | D:3      | Reached XP level 5. HP: 44/53 MP: 4/4
  1457 | D:3      | Reached XP level 6. HP: 53/62 MP: 5/5
  1591 | D:3      | Reached skill level 6 in Unarmed Combat
  1815 | D:4      | Found Viorogoe's Book Shop.
  1816 | D:4      | Noticed Edmund
  1880 | D:4      | Killed Edmund
  1881 | D:4      | Reached XP level 7. HP: 65/71 MP: 6/6
  1997 | D:4      | Found Lisid's Book Shoppe.
  2014 | D:4      | Found Ostohoez's Magic Scroll Shop.
  2017 | D:4      | Bought a scroll of enchant armour for 97 gold pieces
  2101 | D:4      | Noticed Grinder
  2118 | D:4      | Gained mutation: You tend to lose your temper in combat.
                  | [potion of mutation]
  2118 | D:4      | Gained mutation: Your flesh is heat resistant. (rF+)
                  | [potion of mutation]
  2123 | D:4      | Paralysed by Grinder for 6 turns
  2136 | D:4      | Paralysed by Grinder for 7 turns
  2141 | D:4      | HP: 3/71 [Grinder (2)]
  2152 | D:4      | HP: 2/71 [Grinder/puff of flame (6)]
  2162 | D:5      | Entered Level 5 of the Dungeon
  2229 | D:4      | Paralysed by Grinder for 7 turns
  2238 | D:4      | Paralysed by Grinder for 6 turns
  2251 | D:4      | Killed Grinder
  2252 | D:4      | Reached skill level 7 in Unarmed Combat
  2502 | D:4      | Found Bamu's General Store.
  2520 | D:4      | Found Eckur's Jewellery Emporium.
  2812 | D:4      | Reached skill level 5 in Fighting
  2889 | D:4      | Reached XP level 8. HP: 73/80 MP: 7/7
  3264 | D:5      | Reached skill level 8 in Unarmed Combat
  3305 | D:5      | Found a staircase to the Ecumenical Temple.
  3507 | D:6      | Reached skill level 5 in Dodging
  3937 | D:6      | Reached XP level 9. HP: 89/89 MP: 8/8
  4141 | D:6      | Found a runed translucent door.
  4142 | D:6      | Noticed Crazy Yiuf
  4147 | D:6      | Killed Crazy Yiuf
  4487 | D:7      | Found an opulent altar of Gozag.
  4487 | D:7      | Found a shimmering blue altar of Sif Muna.
  4488 | D:7      | Found an ancient bone altar of Kikubaaqudgha.
  4813 | D:7      | Found a sparkling altar of Nemelex Xobeh.
  4857 | D:7      | Found a white marble altar of Elyvilon.
  4857 | D:7      | Found a glowing golden altar of the Shining One.
  4857 | D:7      | Found a glowing silver altar of Zin.
  4991 | D:7      | Reached skill level 9 in Unarmed Combat
  5970 | D:9      | Noticed Erica
  5981 | D:9      | Killed Erica
  5982 | D:9      | Reached XP level 10. HP: 63/102 MP: 9/9
  6192 | D:9      | Noticed Maggie
  6198 | D:9      | Killed Maggie
  6199 | D:9      | Reached skill level 10 in Unarmed Combat
  6443 | D:9      | Noticed Joseph
  6458 | D:9      | HP: 3/156 [Joseph (16)]
  6462 | D:9      | Killed Joseph
  6844 | D:10     | Entered Level 10 of the Dungeon
  7169 | D:4      | Bought a ring of poison resistance for 280 gold pieces
  7541 | D:10     | Found a staircase to the Orcish Mines.
  7757 | D:10     | Found a staircase to the Lair.
  8014 | Temple   | Entered the Ecumenical Temple
  8031 | Temple   | Became a worshipper of Warmaster Okawaru
  8031 | Temple   | Reached * piety under Okawaru
  8031 | Temple   | Reached ** piety under Okawaru
  8399 | Lair:1   | Entered Level 1 of the Lair of Beasts
  8401 | Lair:1   | Noticed a cane toad
  8428 | Orc:1    | Entered Level 1 of the Orcish Mines
  8436 | Orc:1    | Reached skill level 11 in Unarmed Combat
  8448 | Orc:1    | Reached XP level 11. HP: 96/113 MP: 10/10
  8516 | Orc:1    | Noticed an orc knight
  8613 | D:10     | Killed an orc knight
  8717 | Orc:1    | Reached *** piety under Okawaru
  9455 | Orc:2    | Entered Level 2 of the Orcish Mines
  9795 | Orc:2    | Noticed an orc knight
  9892 | Orc:2    | Killed an orc knight
  9977 | Orc:2    | Noticed an orc high priest
 10009 | Orc:1    | Reached **** piety under Okawaru
 10086 | Orc:2    | Noticed a sun demon
 10093 | Orc:2    | Killed an orc high priest
 10185 | Orc:2    | Noticed Saint Roka
 10502 | D:11     | Reached skill level 12 in Unarmed Combat
 11088 | D:11     | Reached ***** piety under Okawaru
 11106 | D:11     | Reached skill level 10 in Fighting
 11106 | D:11     | Reached XP level 12. HP: 44/126 MP: 11/11
 11330 | D:12     | Found a frozen archway.
 11338 | IceCv    | Entered an ice cave
 11518 | D:12     | Noticed a two-headed ogre
 11525 | D:12     | Killed a two-headed ogre
 11525 | D:12     | Identified the +5 tower shield of Conscience {rF+} (Okawaru
                  | gifted it to you on level 12 of the Dungeon)
 11525 | D:12     | Received a gift from Okawaru
 11677 | D:12     | Reached skill level 1 in Shields
 12339 | D:12     | Reached skill level 10 in Dodging
 12469 | D:13     | HP: 1/127 [meliai/divine providence (15)]
 12469 | D:13     | Killed from afar by a meliai

Illustrated notes

Levels and vault maps discovered:
D:1:      minmay_arrival_three_doors, layout_loops_cross,
          ebering_ecumenical_altar_ruins
D:2:      layout_loops_ring, basic_altar
D:3:      layout_rooms
D:4:      minmay_spotlight, layout_gridville, serial_shops, kennysheep_mini,
          nicolae_shop_waterfront, nicolae_shop_statue_plus,
          nicolae_shop_waterfront, nicolae_diamond_shop, uniq_grinder,
          uniq_edmund
D:5:      layout_rooms, minmay_temple_entry_statues_fountains
D:6:      layout_gridville, uniq_crazy_yiuf_cottage
D:7:      layout_loops_ring, good_gods_mini_temple,
          nemelex_diamond_rough_becter, gammafunk_temple_overflow_forgotten
D:8:      layout_rooms, minivault_23
D:9:      layout_stronghold, uniq_maggie, uniq_erica, uniq_joseph
D:10:     layout_irregular_city, lair_entry_dummy, zombieorc2_lemuel
D:11:     layout_loops_ring
D:12:     layout_basic, portal_ice_cave_entry_pillars_2
D:13:     layout_basic, grunt_vaults_entry_fortified, enter_trove_2,
          st_stairs_10
Temple:   nicolae_temple_no_exploring_needed
Lair:1:   layout_long_grid, infiniplex_staircase_pool
Orc:1:    layout_diamond_mine
Orc:2:    pf_orc_diabolical, layout_diamond_mine, uniq_nessos, uniq_saint_roka,
          uniq_josephine

Skill      XL: |  1  2  3  4  5  6  7  8  9 10 11 12 |
---------------+-------------------------------------+-----
Unarmed Combat | 4 5 6 7 8 9 11 12 | 12.9
Fighting       | 3 4 5 6 7 8 10 | 10.4
Dodging        | 3 5 6 8 9 10 | 10.0
Shields        | 1 |  1.7
Stealth        | |  1.0

Action                   |  1- 3 |  4- 6 |  7- 9 | 10-12 || total
-------------------------+-------+-------+-------+-------++-------
Melee: Unarmed           |    57 |   116 |   329 |   668 ||  1170
       Punch             |       |     5 |    11 |    40 ||    56
Evoke: Wand              |       |       |       |     9 ||     9
       Phial of floods   |       |       |       |     1 ||     1
  Use: Potion            |       |     3 |     3 |     4 ||    10
       Scroll            |       |     1 |     8 |    11 ||    20
 Stab: Sleeping          |     6 |       |     2 |     2 ||    10
       Distracted        |       |       |       |     1 ||     1
       Paralysed         |       |       |       |     1 ||     1
Armor: Robe              |    12 |    28 |    83 |    42 ||   165
       Skin              |       |       |       |    10 ||    10
       Troll leather arm |       |       |       |   105 ||   105
Dodge: Dodged            |    17 |    44 |   140 |   333 ||   534
Block: Tower shield      |       |       |       |    91 ||    91

Table legend: (Time is in decaauts)
 A = Elapsed time spent in this place.
 B = Non-inter-level travel time spent in this place.
 C = Inter-level travel time spent in this place.
 D = Time resting spent in this place.
 E = Time spent auto-exploring this place.
 F = Levels seen in this place.
 G = Mean time per level.
                   A        B        C        D        E       F      G
               +--------+--------+--------+--------+--------+-----+--------+
         Total |  12488 |  11412 |   1076 |   1146 |   7093 |  18 |  693.8 |
       Dungeon |  10575 |   9676 |    899 |    783 |   6460 |  13 |  813.5 |
        Temple |     24 |      2 |     22 |      0 |      0 |   1 |   24.0 |
          Lair |      3 |      3 |      0 |      0 |      0 |   1 |    3.0 |
  Orcish Mines |   1821 |   1668 |    153 |    329 |    633 |   2 |  910.5 |
      Ice Cave |     63 |     63 |      0 |     33 |      0 |   1 |   63.0 |
               +--------+--------+--------+--------+--------+-----+--------+

Top non-repeatable levels by time:
    D:10: 1317 daAuts
     D:9: 1259 daAuts
   Orc:1: 1190 daAuts
     D:4: 1172 daAuts
    D:12: 979 daAuts
     D:7: 910 daAuts
     D:6: 827 daAuts
    D:11: 799 daAuts
     D:8: 770 daAuts
     D:5: 669 daAuts
     D:3: 659 daAuts
   Orc:2: 631 daAuts
     D:2: 588 daAuts
     D:1: 494 daAuts
    D:13: 125 daAuts
